[Event "Live Chess"]
[Site "Chess.com"]
[Date "2024.06.02"]
[Round "-"]
[White "KeithArkell"]
[Black "JoeyCage"]
[Result "1/2-1/2"]
[WhiteElo "2428"]
[BlackElo "2397"]
[TimeControl "300"]
[EndTime "23:34:47 PDT"]
[Termination "Game drawn by repetition"]

1. d4 e6 2. Nf3 Nf6 3. c4 d5 4. cxd5 exd5 5. Nc3 c6 6. Qc2 Nbd7 7. Bg5 Be7 8. e3 O-O 9. Bd3 Re8 10. O-O h6 11. Bh4 Ne4 12. Bxe4 dxe4 13. Qxe4 f5 14.
Bxe7 fxe4 15. Bxd8 exf3 16. Bc7 fxg2 17. Kxg2 Nf6 18.
Be5 Ng4 19. Bg3 Bd7 20. h3 Nf6 21. Be5 Nd5 22. Nxd5 cxd5 23. Rac1 Rac8 24. b3 Kf7 25. Kg3 Rxc1 26. Rxc1 Rc8 27. Rxc8 Bxc8 28. Bb8 a6 29. h4 g6 30. Kf4 Ke6 31. Be5 Bd7 32. Bg7 h5 33. Kg5 Be8 34. Be5 Kf7 35. Bb8 Bb5 36.
Kf4 Ke6 37. Kg5 Kf7 38. f3 Be2 39. Kf4 Ke6 40. e4 Bd3 41. a3 Bc2 42. b4 Bb1 43. Ke3 Bc2 44. Bg3 Bb1 45. Be1 Bc2 46. Bg3 Bb1 47.
a4 Bc2 48. a5 Bb1 49. Kf4 Bc2 50. Bf2 Bb1 51. Ke3 Bc2 52. Bg3 Bb1 53. Bb8 Bc2 54. Kf4 Bb1 55. e5 Bc2 56. Kg5 Bb1 57. Kh6 Kf7 58. Bd6 Bc2 59. Kg5 Bd3 60. Bc5 Bc2 61.
Bd6 Bd3 62. Bc5 Bc2 63. Bd6 1/2-1/2

[Event "Live Chess"]
[Site "Chess.com"]
[Date "2024.06.02"]
[Round "-"]
[White "febray_27"]
[Black "AlanBstard10"]
[Result "1-0"]
[WhiteElo "2050"]
[BlackElo "1167"]
[TimeControl "300"]
[EndTime "23:36:02 PDT"]
[Termination "febray_27 won by resignation"]

1. Nf3 d5 2. d4 Nf6 3. g3 c5 4. Bg2 e6 5. O-O Bd6 6. c4 b6 7. Nc3 Bb7 8. cxd5 Nxd5 9. dxc5 bxc5 10. Nxd5 Bxd5 11. Re1 O-O 12. e4 Bb7 13. Qc2 Nc6 14. Be3 Rc8 15. Rad1 Qc7 16. Bxc5 Bxc5 17. Qxc5 Qb8 18.
Qa3 e5 19. Rd6 Rfd8 20. Red1 Rxd6 21. Rxd6 Rd8 22. Rxd8+ Qxd8 23. Qb3 Qc7 24. Qc4 h6 25. b4 a6 26. a4 Qd6 27. h4 Qxb4 28. Qxb4 Nxb4 29.
Nxe5 Nc2 30. Nd7 Bc6 31. a5 Bxd7 32. Bf1 Nd4 33. Bxa6 Bb5 34. Bxb5 Nxb5 35. a6 Kf8 36. Kf1 Ke7 37. Ke2 Kd6 38. Kd3 Kc6 39. Kc4 Kb6 40.
Kd5 Kxa6 41. f4 Kb6 42. e5 Nc7+ 43. Kd6 Nb5+ 44. Ke7 f5 45. exf6 gxf6 46. Kxf6 Nd4 47. Kg6 Kc5 48. Kxh6 Kd6 49. Kg6 Ne6 50. f5 Nf8+ 51. Kf6 Nh7+ 52. Kg7 Ke5 53. Kxh7 Kxf5 54. Kg7 Kg4 55. Kg6 Kxg3 56. h5 1-0

[Event "Live Chess"]
[Site "Chess.com"]
[Date "2024.06.02"]
[Round "-"]
[White "Ferrarifan27"]
[Black "matt1979"]
[Result "1-0"]
[WhiteElo "2122"]
[BlackElo "1385"]
[TimeControl "300"]
[EndTime "23:36:44 PDT"]
[Termination "Ferrarifan27 won by resignation"]

1. e4 d6 2. d4 Nf6 3. Nc3 Nbd7 4.
Nf3 e5 5. dxe5 dxe5 6. Bc4 Bb4 7. Bg5 h6 8. Bh4 O-O 9. Qe2 c6 10. O-O Qc7 11. Rad1 Bxc3 12. bxc3 Nc5 13. Bxf6 gxf6 14. Qe3 Kh7 15. Qxc5 1-0

[Event "Live Chess"]
[Site "Chess.com"]
[Date "2024.06.02"]
[Round "-"]
[White "RichardABates"]
[Black "Greenbecker"]
[Result "1-0"]
[WhiteElo "2358"]
[BlackElo "1726"]
[TimeControl "300"]
[EndTime "23:37:48 PDT"]
[Termination "RichardABates won by resignation"]

1. d4 d5 2. c4 e6 3. Nf3 Nf6 4. g3 Be7 5. Bg2 O-O 6. O-O c6 7.
Qc2 Re8 8. Nbd2 Nbd7 9. b3 Nf8 10. Bb2 Bd7 11. e4 dxe4 12. Nxe4 Rc8 13. Rad1 Nxe4 14. Qxe4 Qa5 15. a3 b5 16. b4 Qb6 17. c5 Qc7 18. Ne5 f6 19. Nd3 a5 20.
Rfe1 f5 21. Qe5 Qxe5 22. Nxe5 axb4 23. axb4 Bf6 24. Ra1 Bxe5 25. dxe5 Ra8 26. Ra5 Rxa5 27. bxa5 Ra8 28. Bc3 Ng6 29. Rd1 Ra7 30. Rxd7 Rxd7 31. Bxc6 Rd1+ 32. Kg2 Rc1 33. Bd4 Rd1 34. Be3 Nxe5 35.
Bb7 b4 36. a6 Ra1 37. Bd4 Ra2 38. Bxe5 b3 39. c6 b2 40. Bxb2 Rxb2 41. a7 1-0

[Event "Live Chess"]
[Site "Chess.com"]
[Date "2024.06.02"]
[Round "-"]
[White "LordBenin"]
[Black "upoe610"]
[Result "0-1"]
[WhiteElo "1246"]
[BlackElo "2188"]
[TimeControl "300"]
[EndTime "23:37:54 PDT"]
[Termination "upoe610 won by checkmate"]

1. d4 Nf6 2. Nf3 c5 3. Bf4 Qb6 4. dxc5 Qxb2 5. Qd4 Qxd4 6. Nxd4 a6 7. Bg3 Nc6 8. e3 e6 9. Be2 Bxc5 10. Nxc6 bxc6 11. Nd2 Bb4 12. O-O-O d6 13. Nb3 e5 14. f4 e4 15. Rhf1 Be6 16. Rd4 a5 17. f5 Bxb3 18. axb3 d5 19. Be5 O-O 20. Bxf6 gxf6 21. Rf4 Bc3 22.
Ra4 Kh8 23. Rg4 Rg8 24. Rxg8+ Rxg8 25. g3 Rg5 26. g4 h5 27. h3 hxg4 28. hxg4 Rg7 29.
Ba6 Rh7 30. Kd1 Rh1+ 31. Ke2 Rh2+ 32. Kd1 Rd2+ 33. Ke1 Rxc2+ 34. Kf1 Bb4 35. Bb7 d4 36. exd4 e3 37. Ra1 e2+ 38. Kf2 e1=Q+ 39. Kf3 Rf2+ 40. Kg3 Qe3+ 41. Kh4 Rh2# 0-1

[Event "Live Chess"]
[Site "Chess.com"]
[Date "2024.06.02"]
[Round "-"]
[White "JanMur7"]
[Black "MagnersCarlsberg2870"]
[Result "0-1"]
[WhiteElo "2268"]
[BlackElo "1825"]
[TimeControl "300"]
[EndTime "23:38:18 PDT"]
[Termination "MagnersCarlsberg2870 won by resignation"]

1. c4 e5 2. Nc3 f5 3. d4 exd4 4.
Qxd4 Nc6 5. Qd1 Bb4 6. g3 Nf6 7.
Bg2 d6 8. Nf3 Ne4 9. Qb3 Bxc3+ 10. bxc3 O-O 11. O-O Be6 12. Qxb7 Na5 13. Qb4 Nxc4 14.
Nd4 Qe7 15. f3 Rfb8 16. Nxf5 Qf7 17. Qa4 Nc5 18. Nxd6 cxd6 19. Qc6 Bd5 20. Qxd6 Nxd6 0-1

[Event "Live Chess"]
[Site "Chess.com"]
[Date "2024.06.02"]
[Round "-"]
[White "JoeyCage"]
[Black "ProfPoisson"]
[Result "1-0"]
[WhiteElo "2397"]
[BlackElo "1286"]
[TimeControl "300"]
[EndTime "23:39:02 PDT"]
[Termination "JoeyCage won by resignation"]

1. e4 e5 2. Nf3 Nf6 3. Nxe5 Nxe4 4. Qe2 Qe7 5. Qxe4 d6 6. d4 dxe5 7. Qxe5 Qxe5+ 8. dxe5 Nc6 9. Bf4 Bf5 10. c3 O-O-O 11. Nd2 g5 12. Bxg5 Re8 13. f4 h6 14. Bf6 Rg8 15.
O-O-O Bg7 16. Bxg7 Rxg7 17. Nf3 Bg4 18. Be2 f6 19. h3 Bxf3 20. Bxf3 fxe5 21. Bxc6 bxc6 22. fxe5 Rxe5 23. Rd2 h5 24. Rf1 h4 25. Rf4 Re1+ 26. Kc2 Rg1 27. Rxh4 R1xg2 28. Rxg2 Rxg2+ 29. Kb3 Rg5 30. Rh7 Kb7 31. h4 Kb6 32. hxg5 1-0

[Event "Live Chess"]
[Site "Chess.com"]
[Date "2024.06.02"]
[Round "-"]
[White "OleksiyJr1"]
[Black "Delacorta"]
[Result "0-1"]
[WhiteElo "1522"]
[BlackElo "1525"]
[TimeControl "300"]
[EndTime "23:39:15 PDT"]
[Termination "Delacorta won by resignation"]

1. e4 e6 2. Nf3 d5 3. exd5 exd5 4.
d4 Nf6 5. Nc3 c6 6. Bg5 Bd6 7.
Bd3 O-O 8. O-O Bg4 9. h3 Bh5 10. Be2 Nbd7 11. Qd3 Qc7 12. Nh4 Bxe2 13. Nxe2 Ne4 14.
Nf5 Nxg5 15. Nxd6 Qxd6 16. f4 Ne4 17. Ng3 Ndf6 18. Nf5 Qd7 19. g4 Nd6 20. Nxd6 Qxd6 21. g5 Ne4 22. h4 f5 23. h5 g6 24. hxg6 hxg6 25. Qh3 Rf7 26. Kg2 Rh7 27. Qf3 Kf7 28.
Rh1 Rah8 29. Qb3 Qc7 30. c4 Rxh1 31. cxd5 Rxa1 32. d6+ Ke8 33. dxc7 Kd7 34. Qxb7 Rc8 35. Qxa7 Rb1 36. b3 Rb2+ 37. Kf3 Rf2+ 38. Ke3 Rh2 39. Qa4 Rh3+ 40. Ke2 Nc3+ 0-1

[Event "Live Chess"]
[Site "Chess.com"]
[Date "2024.06.02"]
[Round "-"]
[White "WilliamofOrange16th"]
[Black "vincents82"]
[Result "0-1"]
[WhiteElo "1970"]
[BlackElo "2019"]
[TimeControl "300"]
[EndTime "23:39:24 PDT"]
[Termination "vincents82 won by resignation"]

1. e4 d5 2. exd5 Qxd5 3. Nc3 Qd8 4. d4 Nf6 5. Nf3 Bg4 6. Be2 e6 7. h3 Bxf3 8. Bxf3 c6 9. O-O Nbd7 10. Re1 Be7 11.
Ne4 O-O 12. c3 Nxe4 13. Bxe4 Nf6 14. Bc2 Qc7 15. Bg5 h6 16. Bh4 Rfd8 17. Qd3 g6 18. Qf3 Nd5 19. Bg3 Bd6 20. Be5 Bxe5 21. Rxe5 Kg7 22.
Rae1 Qe7 23. a3 Qf6 24. Qxf6+ Nxf6 25. g3 Rd5 26. f4 Rxe5 27. fxe5 Nd5 28. Kf2 Rc8 29. Ke2 c5 30. Kd3 cxd4 31. cxd4 b6 32. Bb3 Rd8 33. Rc1 Rd7 34. Bxd5 exd5 35. Rc6 Kf8 36.
a4 Ke7 37. b4 h5 38. a5 bxa5 39. bxa5 Rb7 40. a6 Rb3+ 41. Kc2 Rxg3 42. Rc7+ Ke6 43.
Rxa7 Rxh3 44. Rb7 Ra3 45. a7 h4 46. Rb6+ Ke7 47. Rb7+ Ke6 48. Rb6+ Kf5 49. Rf6+ Kg5 50. Rxf7 h3 51. e6 h2 52. Rh7 Rxa7 53. Rxh2 Ra2+ 54.
Kd3 Rxh2 55. e7 Rh8 0-1

[Event "Live Chess"]
[Site "Chess.com"]
[Date "2024.06.02"]
[Round "-"]
[White "Dhaydon19"]
[Black "juniortay"]
[Result "1-0"]
[WhiteElo "2680"]
[BlackElo "2406"]
[TimeControl "300"]
[EndTime "23:40:27 PDT"]
[Termination "Dhaydon19 won on time"]

1. d4 d5 2. Nf3 c5 3. c3 e6 4. g3 Nf6 5. Bg2 Nc6 6. O-O Bd6 7. dxc5 Bxc5 8. Qc2 O-O 9. Nbd2 a6 10. e4 b5 11. exd5 Nxd5 12. Ne4 Be7 13. Rd1 Bb7 14. Neg5 g6 15. h4 Rc8 16. Qe2 Bf6 17. Ne4 Bg7 18. Nc5 Qb6 19. Nd7 Qc7 20. Nxf8 Rxf8 21. Ng5 Nce7 22.
Be3 Nf5 23. Bd4 Nxd4 24. cxd4 Qb6 25. Nf3 a5 26. Rac1 b4 27. Ne5 Rd8 28. Qc4 Bf8 29. Qe2 a4 30. Ng4 Bg7 31. Ne3 Bxd4 32. Nxd5 Bxd5 33.
Bxd5 Rxd5 34. Kg2 h5 35. Rc4 e5 36. Qf3 Rd6 37. Qe4 Rf6 38. f4 Kg7 39. Rc2 b3 40.
axb3 axb3 41. Re2 Rf5 42. Rd3 Qa7 43. Rf3 Qa1 44. Rf1 Qa6 45. Rd2 Ba7 46. Rf3 Qb6 47. Rd1 exf4 48. Rxf4 Rxf4 49. Qxf4 Qc6+ 50. Qf3 Qc2+ 51.
Kh1 Qxb2 52. Rd7 Qc1+ 53. Kg2 Qc2+ 54. Kh3 Qc4 55. Rxa7 Qe6+ 56. Kg2 b2 57. Rb7 1-0

[Event "Live Chess"]
[Site "Chess.com"]
[Date "2024.06.02"]
[Round "-"]
[White "AlanBstard10"]
[Black "EPotapov05"]
[Result "0-1"]
[WhiteElo "1167"]
[BlackElo "1816"]
[TimeControl "300"]
[EndTime "23:40:28 PDT"]
[Termination "EPotapov05 won by resignation"]

1. b4 e6 2. Bb2 Nf6 3. a3 c6 4.
e3 a5 5. Be2 axb4 6. axb4 Rxa1 7. Bxa1 Bxb4 8. Bc3 Bxc3 9. Nxc3 d5 10. Nf3 Nbd7 11. O-O Qc7 12. Qa1 Ne5 13. Nxe5 Qxe5 14. Na4 Qxa1 15. Rxa1 O-O 16. Nb6 Nd7 17. Nxd7 Bxd7 18.
Ra7 Rb8 19. c3 Kf8 20. Bd1 Ke8 21. Bc2 Kd8 22. Bxh7 g6 23. h4 Kc7 24. g4 Rh8 25.
Bxg6 fxg6 26. h5 gxh5 27. gxh5 Rxh5 28. Kf1 e5 29. Ra4 e4 30. Ke2 Bg4+ 31. f3 Bxf3+ 32. Kf2 Rh2+ 33. Kg3 Rxd2 34. Kf4 Rd3 0-1

[Event "Live Chess"]
[Site "Chess.com"]
[Date "2024.06.02"]
[Round "-"]
[White "NAZRIZ1977"]
[Black "booktrunk"]
[Result "1-0"]
[WhiteElo "2099"]
[BlackElo "1521"]
[TimeControl "300"]
[EndTime "23:40:45 PDT"]
[Termination "NAZRIZ1977 won by resignation"]

1. d4 b6 2. Nf3 Bb7 3. e3 e6 4. Nbd2 h6 5. Bd3 Nf6 6. O-O c5 7. Qe2 cxd4 8. exd4 Be7 9. Re1 O-O 10. c3 a5 11. Ne4 Ba6 12. Bxa6 Nxa6 13. Bf4 Nxe4 14.
Qxe4 Rc8 15. Rad1 d5 16. Qe3 g5 17. Bg3 Bd6 18. Bxd6 Qxd6 19. h4 Qf4 20. hxg5 Qxe3 21. Rxe3 hxg5 22. Nxg5 Rce8 23. Rg3 Kh8 24. f4 f6 25. Nf3 Rg8 26. Rh3+ Kg7 27. Kf2 Kf8 28. Rdh1 Re7 29. Rh6 Rf7 30. Re1 Ke7 31. f5 Nc7 32. Nh4 Rfg7 33. fxe6 Nxe6 34. Nf5+ Kf7 35. Nxg7 Rxg7 36.
Reh1 Ng5 37. R1h2 Ne4+ 38. Ke3 Rg3+ 39. Kf4 Rg7 40. Rh7 Ng5 41. Rxg7+ Kxg7 42. g4 Nf7 43. Re2 Nd6 44. Re6 Nf7 45. Rxb6 Kg6 46. Rb5 1-0

[Event "Live Chess"]
[Site "Chess.com"]
[Date "2024.06.02"]
[Round "-"]
[White "elephantgerrald"]
[Black "Crowded_House"]
[Result "0-1"]
[WhiteElo "839"]
[BlackElo "1694"]
[TimeControl "300"]
[EndTime "23:41:35 PDT"]
[Termination "Crowded_House won by checkmate"]

1. e4 e6 2. Nf3 d5 3. exd5 exd5 4.
Qe2+ Qe7 5. Qxe7+ Bxe7 6. g3 Bd6 7. Bg2 Ne7 8. O-O O-O 9. Ng5 h6 10. Nf3 c6 11. d4 Bf5 12. c3 Nd7 13. Be3 Rfe8 14.
Nbd2 Bh7 15. Rfe1 Nf5 16. Bh3 Nxe3 17. Bxd7 Re7 18. Rxe3 Rxd7 19. Rae1 Kf8 20. c4 dxc4 21. Nxc4 Bb4 22. R1e2 Re7 23. Nfe5 f6 24. Nd3 Rxe3 25. Rxe3 Bxd3 26. Rxd3 Rd8 27. a3 Bc5 28. b4 Rxd4 29. Nb2 Rxd3 30. Nxd3 Bd4 31. Kg2 b6 32. f4 c5 33. Kf3 c4 34. Nc1 f5 35. g4 fxg4+ 36.
Ke4 Bb2 37. Ne2 Bxa3 38. Kd4 Bxb4 39. Kxc4 Bc5 40. Kb5 a5 41. Ka4 Kf7 42. Nc3 h5 43. Nd5 h4 44. Nc3 g3 45. hxg3 hxg3 46. Ne2 g2 47. Kb3 g1=Q 48. Nxg1 Bxg1 49. Ka4 Kf6 50. Kb5 Kf5 51. Kc4 Kxf4 52. Kd3 a4 53. Kc2 g5 54. Kb1 g4 55. Ka2 g3 56. Kb1 g2 57. Kc2 Bc5 58. Kd1 g1=Q+ 59. Ke2 Qg2+ 60. Kd3 Qf3+ 61. Kc4 a3 62. Kb5 a2 63. Ka6 a1=Q+ 64. Kb5 Qb2+ 65. Ka6 Qba3+ 66. Kb5 Qfb3+ 67. Kc6 Qe6+ 68. Kb7 Qd7+ 69.
Kb8 Qaa7# 0-1

[Event "Live Chess"]
[Site "Chess.com"]
[Date "2024.06.02"]
[Round "-"]
[White "Ferrarifan27"]
[Black "Isambard_Thomas"]
[Result "0-1"]
[WhiteElo "2115"]
[BlackElo "2159"]
[TimeControl "300"]
[EndTime "23:41:53 PDT"]
[Termination "Isambard_Thomas won by checkmate"]

1. e4 Nc6 2. d4 d5 3. e5 Bf5 4. h4 f6 5. exf6 Nxf6 6. Nf3 e6 7.
Bb5 Bd6 8. Bg5 O-O 9. Bxc6 bxc6 10. Ne5 Qe8 11. O-O Bxe5 12. dxe5 Ne4 13. Be3 Rb8 14. b3 Qg6 15. h5 Qf7 16. Bxa7 Ra8 17. Be3 Qe7 18. Nd2 Nc3 19. Qe1 Nxa2 20. Qb1 Nc3 21. Qb2 Ne2+ 22. Kh1 Qh4# 0-1

[Event "Live Chess"]
[Site "Chess.com"]
[Date "2024.06.02"]
[Round "-"]
[White "Duke_of_Bebington"]
[Black "KyryloPoluliakh"]
[Result "1-0"]
[WhiteElo "1666"]
[BlackElo "1528"]
[TimeControl "300"]
[EndTime "23:41:57 PDT"]
[Termination "Duke_of_Bebington won on time"]

1. e4 c5 2. c3 Nc6 3. d4 cxd4 4.
cxd4 d5 5. exd5 Qxd5 6. Nf3 Bg4 7. Be2 Bxf3 8. Bxf3 Qe6+ 9. Be3 Qd7 10. Nc3 g6 11.
O-O Bg7 12. Qa4 Nxd4 13. Qxd7+ Kxd7 14. Rfd1 e5 15. Nb5 Ke7 16. Nxd4 exd4 17. Bxd4 Bxd4 18. Rxd4 Nf6 19. Re1+ Kf8 20. b3 Kg7 21. Bxb7 Rab8 22. Ba6 Rb6 23. Bc4 a5 24. Re7 Rf8 25. h3 Ng8 26. Ra7 Nf6 27. Rxa5 Rb7 28. Ra6 Re8 29. Kf1 Rbe7 30. g3 Re1+ 31. Kg2 R1e7 32. a4 Rb7 33.
Rad6 Ree7 34. a5 Ra7 35. a6 Ne4 36. b4 Nxd6 37. Rxd6 Re4 38. Rc6 Rxc4 39. Rxc4 Rxa6 40. Kf3 Kf6 41. Rc7 Rb6 42. Rc4 Ke6 43. Rf4 f5 44. g4 fxg4+ 45. hxg4 g5 46. Re4+ Kd5 47. Ke3 Rb8 48.
f3 Rb6 49. Kd3 h6 50. Rd4+ Ke5 51. Kc3 Rc6+ 52. Rc4 Rb6 53. Rc5+ Kd6 54. Kc4 Rb7 55. b5 Rb6 56. Rc8 Rb7 57. Rh8 Rb6 58. Rxh6+ Kc7 59.
Rxb6 Kxb6 60. Kd5 Kxb5 61. Ke5 Kc5 62. Kf5 Kd6 63. Kxg5 Ke6 64. f4 Kf7 65. f5 Kg7 66. Kf4 Kf7 67. g5 Kg7 68. Ke5 Kf7 69. g6+ Kg7 70. Ke6 Kf8 71. f6 Kg8 72. g7 Kh7 73.
Ke7 Kg8 74. f7+ Kxg7 75. f8=Q+ Kg6 76. Qf4 Kh5 77. Qg3 1-0

[Event "Live Chess"]
[Site "Chess.com"]
[Date "2024.06.02"]
[Round "-"]
[White "KeithArkell"]
[Black "Bradfield133"]
[Result "1-0"]
[WhiteElo "2429"]
[BlackElo "1868"]
[TimeControl "300"]
[EndTime "23:42:06 PDT"]
[Termination "KeithArkell won on time"]

1. d4 d6 2. Nf3 Bg4 3. g3 Nd7 4. Bg2 e5 5. c4 Ngf6 6. Nc3 Be7 7. O-O O-O 8. h3 Bh5 9. Be3 c6 10. c5 exd4 11. cxd6 dxe3 12. dxe7 Qxe7 13. fxe3 Qxe3+ 14. Kh2 Rad8 15. Qd4 Qxd4 16. Nxd4 Bg6 17. e4 Nc5 18. Nf5 Rd2 19. Ne7+ Kh8 20. Nxg6+ hxg6 21. b4 Ncxe4 22. Nxe4 Nxe4 23. Rf4 Nf6 24. a4 Re8 25. Kg1 Red8 26. b5 Rd1+ 27. Rxd1 Rxd1+ 28. Kh2 cxb5 29. axb5 Rb1 30.
Ra4 Rxb5 31. Rxa7 Rb2 32. Kg1 Nh5 33. Bd5 Nxg3 34. Bxf7 Kh7 35. h4 Ne2+ 36. Kf2 Nd4+ 37. Kg3 Nf5+ 38. Kg4 Rb4+ 39. Kg5 Nxh4 40. Bd5 Nf5 41.
Ra8 Ne7 42. Be6 Rb5+ 43. Kf4 Rc5 44. Re8 Rc7 45. Kg5 b5 46. Rb8 Rb7 47. Rxb7 1-0

[Event "Live Chess"]
[Site "Chess.com"]
[Date "2024.06.02"]
[Round "-"]
[White "matt1979"]
[Black "RichardABates"]
[Result "0-1"]
[WhiteElo "1385"]
[BlackElo "2358"]
[TimeControl "300"]
[EndTime "23:43:31 PDT"]
[Termination "RichardABates won by checkmate"]

1. f4 e5 2. fxe5 d6 3. Nf3 dxe5 4. e4 Bc5 5. c3 Nc6 6. Bb5 Bd7 7. Bxc6 Bxc6 8. d4 Bb6 9. O-O exd4 10. cxd4 Ne7 11. Nc3 O-O 12. Kh1 f5 13. e5 Bxf3 14. Qxf3 Qxd4 15. Bg5 Ng6 16. Rae1 Nxe5 17. Qg3 Ng6 18.
h4 f4 19. Qh3 Rae8 20. h5 Rxe1 21. Rxe1 Qf2 22. Qe6+ Kh8 23. hxg6 f3 24. Rg1 Qxg1# 0-1

[Event "Live Chess"]
[Site "Chess.com"]
[Date "2024.06.02"]
[Round "-"]
[White "booktrunk"]
[Black "JohanKjeldahl"]
[Result "0-1"]
[WhiteElo "1519"]
[BlackElo "1860"]
[TimeControl "300"]
[EndTime "23:43:47 PDT"]
[Termination "JohanKjeldahl won by checkmate"]

1. d4 Nf6 2. Nc3 d5 3. Bf4 c6 4. e3 g6 5. h3 Bg7 6. Bd3 O-O 7.
Nf3 Nbd7 8. O-O Re8 9. Kh1 Nh5 10. Bh2 e5 11. dxe5 Nxe5 12. Nxe5 Bxe5 13. Bxe5 Rxe5 14. Re1 Qh4 15. Qf3 Bf5 16. Bxf5 Rxf5 17. Qe2 Rxf2 18.
Qd3 Qg3 19. Rg1 Qe5 20. Qd4 Ng3+ 21. Kh2 Nf1+ 22. Kh1 Qh2# 0-1

[Event "Live Chess"]
[Site "Chess.com"]
[Date "2024.06.02"]
[Round "-"]
[White "juniortay"]
[Black "AlanBstard10"]
[Result "1-0"]
[WhiteElo "2406"]
[BlackElo "1167"]
[TimeControl "300"]
[EndTime "23:44:07 PDT"]
[Termination "juniortay won by checkmate"]

1. e4 d5 2. exd5 Nf6 3. c4 c6 4.
d4 cxd5 5. Nc3 dxc4 6. Bxc4 Nc6 7.
Nf3 Bg4 8. d5 Ne5 9. Bb5+ Nfd7 10. Bf4 Nxf3+ 11. gxf3 Bf5 12. O-O g6 13. Qd4 Rg8 14.
Rfe1 Bg7 15. Qb4 Bf6 16. Ne4 a5 17. Nxf6+ Kf8 18. Bh6+ Rg7 19. Nxd7+ Kg8 20. Qd4 f6 21. Bxg7 Kxg7 22. Nc5 Qd6 23. Ne6+ Kf7 24. Rac1 Bh3 25.
Qh4 Qxd5 26. Qxh7# 1-0

[Event "Live Chess"]
[Site "Chess.com"]
[Date "2024.06.02"]
[Round "-"]
[White "Ferrarifan27"]
[Black "OleksiyJr1"]
[Result "1-0"]
[WhiteElo "2116"]
[BlackElo "1521"]
[TimeControl "300"]
[EndTime "23:44:28 PDT"]
[Termination "Ferrarifan27 won by resignation"]

1. e4 c5 2. Nf3 Nc6 3. b4 cxb4 4. d4 d5 5. exd5 Qxd5 6. c4 Qa5 7. d5 b3+ 8. Bd2 Nb4 9. Qxb3 e6 10. a3 Bc5 11. Bxb4 Bxb4+ 1-0

[Event "Live Chess"]
[Site "Chess.com"]
[Date "2024.06.02"]
[Round "-"]
[White "Delacorta"]
[Black "JoeyCage"]
[Result "0-1"]
[WhiteElo "1525"]
[BlackElo "2397"]
[TimeControl "300"]
[EndTime "23:44:36 PDT"]
[Termination "JoeyCage won by resignation"]

1. d4 e6 2. e4 c5 3. Nf3 cxd4 4. Nxd4 Nc6 5. Nxc6 bxc6 6. Be2 d5 7. exd5 cxd5 8.
O-O Nf6 9. Bg5 Be7 10. Nd2 h6 11. Bh4 O-O 12. Nf3 Rb8 13. b3 Ne4 14. Bxe7 Qxe7 15. Qd4 Bb7 16. a4 a5 17. Bb5 Rfc8 18. c4 dxc4 19.
bxc4 Qc5 20. Qxc5 Nxc5 21. Rad1 Bxf3 22. gxf3 Rd8 23. Kg2 Kf8 24. Kg3 Ke7 25. Kf4 Rxd1 26. Rxd1 Rd8 27. Ke3 Rxd1 0-1

[Event "Live Chess"]
[Site "Chess.com"]
[Date "2024.06.02"]
[Round "-"]
[White "Ziipyyy"]
[Black "peteopeteo"]
[Result "0-1"]
[WhiteElo "1303"]
[BlackElo "1546"]
[TimeControl "300"]
[EndTime "23:44:39 PDT"]
[Termination "peteopeteo won by checkmate"]

1. e4 c6 2. d4 d5 3. e5 Bf5 4. h4 h5 5. Bd3 Bxd3 6. Qxd3 e6 7.
f4 Be7 8. Nf3 c5 9. c3 Nc6 10.
Be3 c4 11. Qc2 Nh6 12. Nbd2 Ng4 13. Ng5 Nxe3 14. Qc1 Nxg2+ 15. Kf2 Nxf4 16. Qf1 Bxg5 17. hxg5 Qxg5 18. Rg1 Qf5 19. Nf3 Nh3+ 20. Ke3 Qf4+ 21.
Ke2 Nxg1+ 22. Qxg1 Qe4+ 23. Kf2 O-O 24. Qg3 Qg4 25.
Qh2 Ne7 26. Rg1 Qf5 27. Rg5 Qc2+ 28. Kg3 Qxh2+ 29. Nxh2 Nf5+ 30. Kf4 g6 31. Nf3 b5 32. a3 a5 33. Rg1 Rfb8 34. Nd2 b4 35. axb4 axb4 36.
Kg5 bxc3 37. bxc3 Rb2 38. Nf3 Raa2 39. Kf6 Rg2 40. Rf1 Rgf2 41. Rxf2 Rxf2 42. Ng1 Rc2 43. Nh3 Rxc3 44. Ng5 Nh6 45. Ke7 Rg3 46. Nxe6 fxe6 47. Kxe6 c3 48. Kxd5 c2 49. e6 c1=Q 50. e7 Qg5+ 51.
Kd6 Qf6+ 52. Kd7 Qf5+ 53. Kd8 Qd5+ 54. Ke8 Qf7+ 55. Kd8 Qxe7+ 56. Kxe7 Rd3 57. Ke6 Rxd4 58. Ke5 Rg4 59. Kf6 Kh7 60. Ke5 Rg1 61. Kd5 Re1 62. Kd4 Kg7 63. Kd5 Kf6 64. Kd4 Re8 65. Kd5 Re7 66.
Kd4 Kf5 67. Kc5 Rd7 68. Kc6 Rd1 69. Kc5 Ke4 70. Kc6 Ke5 71. Kc7 Ke6 72. Kc8 Ke7 73. Kc7 Rc1+ 74. Kb6 Kd6 75. Kb5 g5 76. Kb4 g4 77.
Kb3 g3 78. Kb2 Rc8 79. Kb3 g2 80. Kb4 g1=Q 81. Kb3 Qb6+ 82. Ka2 Ra8# 0-1

[Event "Live Chess"]
[Site "Chess.com"]
[Date "2024.06.02"]
[Round "-"]
[White "MagnersCarlsberg2870"]
[Black "RockTroll"]
[Result "0-1"]
[WhiteElo "1823"]
[BlackElo "2185"]
[TimeControl "300"]
[EndTime "23:44:48 PDT"]
[Termination "RockTroll won by resignation"]

1. d4 Nf6 2. Nf3 g6 3. Nc3 Bg7 4. e4 d6 5. h3 O-O 6. Bc4 a6 7. a4 b6 8. Qe2 e6 9. Bg5 h6 10.
Bh4 g5 11. Bg3 Bb7 12. e5 dxe5 13. dxe5 Nd5 14. Rd1 Nxc3 15. bxc3 Qe7 16. h4 g4 17. Nd4 h5 18. f3 gxf3 19. Nxf3 Nc6 20. Qe4 Na5 21.
Qe2 Nxc4 22. Qxc4 Bxf3 23. gxf3 Rad8 24. O-O Rxd1 25. Rxd1 Rd8 26. Rd4 Bh6 27. Kg2 Kh8 28. Qd3 Rg8 29. Kh3 Qf8 30. Qe4 Qg7 0-1

[Event "Live Chess"]
[Site "Chess.com"]
[Date "2024.06.02"]
[Round "-"]
[White "JanMur7"]
[Black "f4nomore"]
[Result "1-0"]
[WhiteElo "2259"]
[BlackElo "1259"]
[TimeControl "300"]
[EndTime "23:45:16 PDT"]
[Termination "JanMur7 won by resignation"]

1. e4 g6 2. d4 Bg7 3. Nc3 d6 4. f4 Nd7 5. Nf3 b6 6. Be2 Bb7 7. O-O c5 8. Be3 cxd4 9. Bxd4 Ngf6 10. e5 dxe5 11. fxe5 Ng4 12. e6 fxe6 13. Bxg7 Rg8 14. Bd4 e5 15. Bf2 e6 16. Nb5 Bd5 17. c4 Bxf3 18.
Bxf3 Nxf2 19. Rxf2 Rc8 20. Nd6+ Ke7 21. Nxc8+ Qxc8 22. Qd2 Qxc4 23. Rd1 Qc7 24. Qb4+ Ke8 25. Qd6 Qxd6 26. Rxd6 Nc5 27. b4 e4 28. bxc5 exf3 29. cxb6 axb6 30. Rxe6+ Kd7 31. Rxb6 Kc7 32. Rf6 Rd8 33.
R2xf3 Rd1+ 34. Kf2 Rd2+ 35. Kg3 1-0

[Event "Live Chess"]
[Site "Chess.com"]
[Date "2024.06.02"]
[Round "-"]
[White "Dhaydon19"]
[Black "vincents82"]
[Result "1-0"]
[WhiteElo "2680"]
[BlackElo "2019"]
[TimeControl "300"]
[EndTime "23:45:34 PDT"]
[Termination "Dhaydon19 won by resignation"]

1. d4 d5 2. Nf3 Nf6 3. c4 c6 4. cxd5 cxd5 5. Nc3 Nc6 6. Bf4 a6 7. e3 Bg4 8. Be2 e6 9. h3 Bh5 10. Rc1 Bd6 11. Bxd6 Qxd6 12. O-O O-O 13. Na4 Nd7 14. a3 b5 15. Nc5 Nxc5 16. dxc5 Qc7 17. b4 Bxf3 18.
Bxf3 Ne5 19. Be2 Nc4 20. e4 Rfd8 21. exd5 Rxd5 22. Qc2 Rd2 23. Qe4 Rad8 24. Bxc4 bxc4 25. Qxc4 Qc6 26. Qb3 Re2 27. Rce1 Red2 28. Re3 Qb5 29. a4 Qd7 30. b5 Qd4 31. Rc3 axb5 32. axb5 Ra8 33.
c6 g6 34. c7 Rxf2 35. c8=Q+ Rxc8 36. Rxc8+ Kg7 37. Rxf2 1-0

[Event "Live Chess"]
[Site "Chess.com"]
[Date "2024.06.02"]
[Round "-"]
[White "ProfPoisson"]
[Black "Hacker_2009"]
[Result "0-1"]
[WhiteElo "1286"]
[BlackElo "2229"]
[TimeControl "300"]
[EndTime "23:45:35 PDT"]
[Termination "Hacker_2009 won by resignation"]

1. e4 c5 2. Nc3 e6 3. f4 Nc6 4. Nf3 Nge7 5. Bb5 g6 6. Bxc6 Nxc6 7. O-O Bg7 8. d3 O-O 9. Qe1 Nd4 10. Nxd4 cxd4 11. Ne2 d5 12. e5 Qb6 13. Qf2 f6 14. Nxd4 fxe5 15. Nf3 Qxf2+ 16. Rxf2 exf4 17.
c3 e5 18. Bd2 e4 19. dxe4 dxe4 20. Nd4 e3 21. Bxe3 fxe3 22. Rxf8+ Kxf8 23. Re1 Bxd4 24. cxd4 Bf5 25. Rxe3 Re8 26. Rxe8+ Kxe8 27. Kf2 Ke7 28.
Ke3 Kd6 29. h3 Kd5 30. g4 Be4 31. b4 Bg2 32. h4 b5 33. a3 Bh3 34. g5 Bf5 35. Kf4 Kxd4 36. h5 Kc3 37. hxg6 hxg6 38. Ke3 Kb3 39. Kd4 Kxa3 40. Kc5 Ka4 41. Kc6 Kxb4 42. Kb7 a5 0-1

[Event "Live Chess"]
[Site "Chess.com"]
[Date "2024.06.02"]
[Round "-"]
[White "RichardABates"]
[Black "VIDYUTGANESH"]
[Result "1-0"]
[WhiteElo "2359"]
[BlackElo "1744"]
[TimeControl "300"]
[EndTime "23:46:05 PDT"]
[Termination "RichardABates won by resignation"]

1. d4 Nf6 2. Nf3 g6 3. g3 d5 4. Bg2 Bg7 5. c4 dxc4 6. O-O O-O 7. Na3 c5 8. dxc5 Qxd1 9. Rxd1 Be6 10. Ng5 Nc6 11.
Nxe6 fxe6 12. Nxc4 Nd5 13. Bxd5 exd5 14. Rxd5 Rad8 15.
Rxd8 Rxd8 16. Be3 Nb4 17. Rc1 Nxa2 18. Ra1 Nb4 19. Rxa7 Bd4 20. Rxb7 Bxe3 21. Nxe3 Nc6 22. b4 Rd4 23. b5 1-0